 Dungeon Crawl Stone Soup version 0.30-a0-1053-gbd8d5ba0ad (webtiles) character file.

Game seed: 10325857229059159456

64 quinnr the Gusty (level 3, -8/19 HPs)
             Began as a Deep Elf Air Elementalist on Apr 12, 2023.
             Killed by divine providence
             ... invoked by an orc priest
              (10 damage)
             ... on level 3 of the Dungeon.
             The game lasted 00:04:59 (1704 turns).

quinnr the Gusty (Deep Elf Air Elementalist)        Turns: 1704, Time: 00:04:59

Health: -8/19      AC:  5    Str:  5    XL:     3   Next: 91%
Magic:  3/9        EV: 13    Int: 21    God:
Gold:   78         SH:  0    Dex: 15    Spells: 4/8 levels left

rFire   . . .      SeeInvis .    (no weapon)
rCold   . . .      Faith    .    (no shield)
rNeg    . . .      Spirit   .    a - +0 robe
rPois   .          Reflect  .    c - +2 hat
rElec   .          Rampage  .    (no cloak)
rCorr   .                        (no gloves)
Will    .....                    i - +0 pair of boots
Stlth   ++                       (no amulet)
HPRegen 0.23/turn                (no ring)
MPRegen 0.11/turn                (no ring)

@: no status effects
A: no striking features
a: no special abilities


You were on level 3 of the Dungeon.
You visited 1 branch of the dungeon, and saw 3 of its levels.

You collected 78 gold pieces.


   Skills:
 + Level 3.3 Dodging
 - Level 2.4 Stealth
 - Level 3.0 Spellcasting
 - Level 1.1 Conjurations
 - Level 4.0 Air Magic
 + Level 1.8 Poison Magic


You had 4 spell levels left.
You knew the following spells:

 Your Spells              Type           Power      Damage    Failure   Level
p - Poisonous Vapours     Pois/Air       30%        N/A       6%          2
t - Sting                 Tmut/Pois      28%        1d4       9%          1
z - Shock                 Conj/Air       52%        1d6       4%          1

Your spell library contained the following spells:

 Spells                   Type           Power      Damage    Failure   Level
 Static Discharge         Conj/Air       26%        2-4/arc   7%          2
 Swiftness                Air            19%        N/A       8%          3
 Airstrike                Air            9%         2d(2-18)  26%         4
 Olgreb's Toxic Radiance  Pois           10%        N/A       52%         4

Inventory:

Armour
 a - a +0 robe (worn)
 c - a +2 hat (worn)
 i - a +0 pair of boots (worn)
Scrolls
 d - 2 scrolls of teleportation {unknown}
 k - a scroll of blinking {unknown}
Potions
 b - a potion of magic
 f - a potion of curing {@q1}
 g - 2 potions of mutation
 j - a potion of brilliance

Dungeon Overview and Level Annotations

Branches:
Dungeon (3/15)

Altars:

...... .....
## # .... .##
.#. ... ..#
.... ..#..
.....#...
#.......#
#...@#
###.o.......
...........
..o..##......
....###
...... ....
#..##. ...
.## .. ..


You could see an orc priest (very poisoned) and an orc.


Message History

Casting: Poisonous Vapours (safe; 6% risk of failure)
Confirm with . or Enter, or press ? or * to list all spells.
Aiming: Shock (safe; 4% risk of failure)
Press: ? - help, Shift-Dir - straight line, f/p - orc priest
Aim: an orc priest, wielding a +0 mace and wearing a +0 leather armour (lightly wounded, very poisoned, 68% to hit)
The zap hits the orc.
The orc is heavily wounded.
The zap hits the orc priest.
The orc priest is moderately wounded.
The orc priest calls upon Beogh to heal the orc.
The orc's wounds heal themselves!
Unknown command.
Casting: Shock (safe; 4% risk of failure)
Confirm with . or Enter, or press ? or * to list all spells.
Aiming: Shock (safe; 4% risk of failure)
Press: ? - help, Shift-Dir - straight line, f/p - orc priest
Aim: an orc priest, wielding a +0 mace and wearing a +0 leather armour (moderately wounded, very poisoned, 68% to hit)
The zap hits the orc priest but does no damage.
The orc priest is moderately wounded.
The orc priest invokes the aid of Beogh against you.
Beogh smites you!
Ouch! That really hurt!
* * * LOW HITPOINT WARNING * * *
The orc hits you with a +0 hand axe.
* * * LOW HITPOINT WARNING * * *
Unknown command.
The orc priest calls down the wrath of Beogh upon you.
Beogh smites you!
Ouch! That really hurt!
You die...

Skill      XL: |  1  2  3 |
---------------+----------+-----
Air Magic      | 4 |  4.0
Dodging        | 3 |  3.3
Poison Magic   | 1 |  1.8
Stealth        | |  2.4
Spellcasting   | |  3.0
Conjurations   | |  1.1

Action                     || total
---------------------------++-------
   Cast: Shock             ||    70
         Poisonous Vapours ||     2
    Use: Scroll            ||     4
 Armour: Robe              ||     1
  Dodge: Dodged            ||    15

Levels and vault maps discovered:
D:1:      lightli_arrival_boilingwater, layout_loops_ring,
          ebering_ecumenical_altar_rust, minmay_tripent
D:2:      layout_rooms
D:3:      layout_rooms

Notes
Turn   | Place    | Note
-------+----------+-------------------------------------------
     0 | D:1      | quinnr the Deep Elf Air Elementalist began the quest for
                  | the Orb.
     0 | D:1      | Reached XP level 1. HP: 10/10 MP: 6/6
    39 | D:1      | Found a faded altar of an unknown god.
   364 | D:1      | Reached XP level 2. HP: 15/15 MP: 5/8
   569 | D:1      | Learned a level 2 spell: Poisonous Vapours
   571 | D:1      | Learned a level 1 spell: Sting
  1132 | D:2      | Reached skill level 4 in Air Magic
  1132 | D:2      | Reached XP level 3. HP: 19/19 MP: 6/9
  1176 | D:2      | Reached skill level 3 in Dodging
  1176 | D:2      | Reached skill level 1 in Poison Magic
  1703 | D:3      | HP: 1/19 [orc/+0 hand axe (5)]
  1704 | D:3      | Killed from afar by an orc priest

Vanquished Creatures
  3 adders (D:2)
  A dart slug (D:1)
  2 orcs (D:2)
  2 ball pythons
  6 endoplasms
  2 giant cockroaches (D:2)
  2 goblins
  2 hobgoblins
  2 quokkas
  2 bats (D:2)
  4 frilled lizards (D:1)
  2 kobolds (D:1)
  3 rats (D:1)
33 creatures vanquished.

Table legend: (Time is in decaauts)
 A = Elapsed time spent in this place.
 B = Non-inter-level travel time spent in this place.
 C = Inter-level travel time spent in this place.
 D = Time resting spent in this place.
 E = Time spent auto-exploring this place.
 F = Levels seen in this place.
 G = Mean time per level.
                   A        B        C        D        E       F      G
               +--------+--------+--------+--------+--------+-----+--------+
         Total |   1715 |   1657 |     58 |     89 |   1291 |   3 |  571.7 |
       Dungeon |   1715 |   1657 |     58 |     89 |   1291 |   3 |  571.7 |
               +--------+--------+--------+--------+--------+-----+--------+

Top non-repeatable levels by time:
     D:1: 984 daAuts
     D:2: 717 daAuts
     D:3: 13 daAuts

Table legend:
 A = Non-vault XP
 B = Vault XP
 C = Vault XP percentage of total XP
 D = Non-vault monster count
 E = Vault monster count
 F = Vault count percentage of total count
                 A         B        C        D         E       F
            +---------+---------+-------+---------+---------+-------
      Total |      90 |       2 |   2.2 |      31 |       2 |   6.1
            +---------+---------+-------+---------+---------+-------
        D:1 |      27 |       2 |   6.9 |      16 |       2 |  11.1
        D:2 |      63 |       0 |   0.0 |      15 |       0 |   0.0
            +---------+---------+-------+---------+---------+-------
